 Dungeon Crawl Stone Soup version 0.30-a0-457-g4b7bca3bfa (webtiles) character file.

Game seed: 3155825488082781424

44562 cforsyth the Fighter (level 13, -5/186 HPs)
             Began as a Minotaur Berserker on Dec 12, 2022.
             Was a High Priest of Trog.
             Succumbed to a swamp dragon's poison gas
             ... on level 5 of the Lair of Beasts on Dec 13, 2022.
             The game lasted 00:32:00 (21683 turns).

cforsyth the Fighter (Minotaur Berserker)          Turns: 21683, Time: 00:32:00

Health: -5/186     AC: 23    Str: 30    XL:     13   Next: 96%
Magic:  12/12      EV: 15    Int:  4    God:    Trog [*****.]
Gold:   1186       SH: 11    Dex: 11    Spells: 12/12 levels left

rFire   . . .      SeeInvis .    l - +2 broad axe (vorpal)
rCold   . . .      Faith    .    o - +0 kite shield
rNeg    . . .      Spirit   .    C - +0 plate armour
rPois   .          Reflect  .    (helmet restricted)
rElec   .          Harm     .    H - +0 cloak
rCorr   .          Rampage  +    F - +0 pair of gloves
Will    +....                    O - +2 pair of boots {rampage}
Stlth   ..........               (no amulet)
HPRegen 0.51/turn                g - ring "Pajoher" {EV+4 Str+4}
MPRegen 0.13/turn                I - ring of willpower

@: berserking, lethally poisoned (-5 -> -73), studying Maces & Flails, very
quick
A: horns 2, retaliatory headbutt
a: Renounce Religion, Berserk, Trog's Hand, Brothers in Arms


You were on level 5 of the Lair of Beasts.
You worshipped Trog.
Trog was extremely pleased with you.
You visited 2 branches of the dungeon, and saw 20 of its levels.
You also visited: Ossuary.

You collected 1186 gold pieces.

Inventory:

Hand Weapons
 l - a +2 vorpal broad axe (weapon)
Missiles
 E - 3 throwing nets (quivered)
Armour
 o - a +0 kite shield (worn)
 B - a +0 pair of boots
 C - a +0 plate armour (worn)
 F - a +0 pair of gloves (worn)
 H - a +0 cloak (worn)
 O - a +2 pair of boots of rampaging (worn)
Jewellery
 g - the ring "Pajoher" (left hand) {EV+4 Str+4}
   (You took it off a hobgoblin on level 2 of the Dungeon)

   [ring of evasion]

   EV:        It affects your evasion (+4).
   Str:       It affects your strength (+4).
 y - a +6 ring of strength
 D - a ring of see invisible
 I - a ring of willpower (right hand)
 J - an amulet of regeneration
 M - an amulet of reflection
Wands
 a - a wand of polymorph (4)
 c - a wand of digging (5)
 m - a wand of acid (19)
 K - a wand of paralysis (3)
 L - a wand of iceblast (10)
 N - a wand of mindburst (5)
Scrolls
 d - 2 scrolls of blinking
 k - 3 scrolls of teleportation
 n - 3 scrolls of silence
 p - 4 scrolls of fear
 r - a scroll of identify
 s - a scroll of magic mapping
 v - a scroll of butterflies
 w - 3 scrolls of fog
 A - a scroll of enchant armour
Potions
 b - 4 potions of magic
 e - 9 potions of curing
 f - 8 potions of heal wounds
 h - 5 potions of attraction
 i - 3 potions of mutation
 j - a potion of cancellation
 q - 5 potions of resistance
 t - 3 potions of haste
 u - 2 potions of berserk rage
 x - 3 potions of flight
 z - a potion of might
 G - 4 potions of lignification


   Skills:
 + Level 14.3 Fighting
 + Level 14.3 Axes
 + Level 14.0 Armour
 + Level 12.9 Dodging
 - Level 10.0 Shields


You had 12 spell levels left.
You didn't know any spells.
Your spell library was empty.

Dungeon Overview and Level Annotations

Branches:
Dungeon (15/15)            Temple (0/1) D:6            Lair (5/5) D:8
  Swamp (0/4) Lair:3       Spider (0/4) Lair:3        Slime (0/5) Lair:5
    Orc (0/2) D:11        Ossuary (visited)
 Vaults: D:13-14     Depths: D:15

Altars:
Ashenzari
Dithmenos
Elyvilon
Fedhas
Gozag
Kikubaaqudgha
Nemelex Xobeh
Sif Muna
Trog
Uskayaw
Vehumet
Wu Jian
Xom
Yredelemnul
Zin
The Shining One
Jiyva

Shops:
D:8 (

Annotations:
Lair:4 exclusion: oklob plant


Innate Abilities, Weirdness & Mutations

You have a pair of horns on your head.
You reflexively headbutt those who attack you in melee.


Message History

The fire dragon closely misses you. You furiously retaliate!
You headbutt the fire dragon! The fire dragon closely misses you.
You block the fire dragon's attack.
A red film seems to cover your vision as you go berserk!
You feel yourself moving faster!
You feel mighty!
You are engulfed in poison gas.
You are more poisoned.
You feel extremely sick. The fire dragon completely misses you.
The fire dragon claws you but does no damage.
The fire dragon tramples you but does no damage.
You hit the fire dragon but do no damage.
Your headbutt misses the fire dragon.
The fire dragon is almost dead.
You barely miss the swamp dragon.
You are engulfed in poison gas.
You are more poisoned.
* * * LOW HITPOINT WARNING * * *
You feel extremely sick. The fire dragon breathes flames at you.
The blast of flame hits you!!
* * * LOW HITPOINT WARNING * * *
The swamp dragon breathes poison at you.
The blast of poison misses you.
You hear an angry hiss.
You slice the swamp dragon!! You headbutt the swamp dragon!!
The swamp dragon is severely wounded.
You slash the fire dragon!
You are engulfed in poison gas.
You are more poisoned.
* * * LOW HITPOINT WARNING * * *
x2 You feel extremely sick.
You are too berserk!
You slash the swamp dragon! You headbutt the swamp dragon!
The swamp dragon is almost dead.
You slice the fire dragon!!
You kill the fire dragon!
Trog accepts your kill.
You are engulfed in poison gas.
You are more poisoned.
* * * LOW HITPOINT WARNING * * *
You die...

♣♣♣♣♣♣ ###
♣♣.☼☼○♣♣♣ #.###
♣..○§D@☼♣ #...P
♣..☼☼§°°°♣♣ #....
♣..k~♣♣°°..♣♣♣
#.... ♣.~≈~
♣♣~~...♣♣ #....
...≈~~P♣♣♣..≈..♣♣
#..#.
~~k~.$.[♣♣~.~..♣
####.
♣♣..~D.)?♣♣♣≈~..♣♣
##.. ♣.~≈≈~.!.
♣~..♣.♣♣ ##...
♣♣.~≈≈~.$
♣♣~÷....♣ #....


You could see a swamp dragon (catching breath) and a rime drake.

Vanquished Creatures
  Kirke (D:13)
  A fire dragon (Lair:5)
  A hydra (Lair:5)
  2 two-headed ogres
  A boulder beetle (Lair:1)
  3 death yaks (Lair:5)
  Urug (Lair:3)
  Sonja (Lair:5)
  A fire crab (Lair:4)
  2 slime creatures (D:12)
  A deep troll (shapeshifter) (D:15)
  A lindwurm (Lair:5)
  4 ugly things (D:15)
  A cyclops (D:12)
  13 elephants (Lair:5)
  5 black mambas
  Joseph (D:9)
  2 torpor snails
  A gargoyle (D:12)
  9 cane toads
  6 rime drakes
  An unseen horror (D:11)
  A kobold demonologist (D:10)
  5 komodo dragons
  2 trolls (D:12)
  A polar bear (Lair:3)
  A queen bee (shapeshifter) (D:15)
  A polar bear (shapeshifter) (D:12)
  A meliai (Lair:3)
  2 hornets (D:8)
  15 dream sheep
  4 blink frogs (Lair:5)
  A shadow (D:9)
  A wraith (D:11)
  3 wyverns
  35 yaks
  4 basilisks
  2 hogs (D:13)
  A basilisk (shapeshifter) (D:15)
  3 steam dragons
  Menkaure (D:6)
  3 vampire mosquitoes (D:14)
  10 water moccasins
  4 ice beasts
  3 swamp drakes (Lair:5)
  2 sky beasts
  4 orc warriors
  3 black bears
  An ogre (D:5)
  6 wolves (Lair:5)
  8 centaurs
  2 phantoms
  3 elf zombies (Ossuary)
  2 kobold brigands (D:7)
  16 bullfrogs
  5 scorpions
  2 gnoll sergeants
  3 necrophages
  4 wights (D:7)
  13 killer bees
  An electric eel (Lair:2)
  6 howler monkeys
  4 centaur zombies (Ossuary)
  2 jellies
  4 hounds
  7 orc priests
  A gnoll bouda (D:6)
  8 iguanas
  9 orc wizards
  13 hell rats
  A hound zombie (Ossuary)
  3 mummies (Ossuary)
  A boggart simulacrum (D:15)
  24 gnolls
  6 adders
  2 white imps
  2 adder zombies (Ossuary)
  5 worms
  2 dart slugs
  49 orcs
  7 ball pythons
  7 bats
  6 endoplasms
  5 giant cockroaches
  A gnoll zombie (Ossuary)
  3 goblins
  8 hobgoblins
  3 jackals (D:3)
  3 quokkas
  3 frilled lizards
  3 goblin zombies (Ossuary)
  4 hobgoblin zombies (Ossuary)
  4 jackal zombies (Ossuary)
  11 kobolds
  5 kobold zombies (Ossuary)
  An orc zombie (Ossuary)
  6 quokka zombies (Ossuary)
  4 rats
  2 rat zombies (Ossuary)
473 creatures vanquished.

Vanquished Creatures (others)
  A wizard (D:8)
  An orc (D:11)
  18 fungi
  40 plants
60 creatures vanquished.

Grand Total: 533 creatures vanquished

Notes
Turn   | Place    | Note
-------+----------+-------------------------------------------
     0 | D:1      | cforsyth the Minotaur Berserker began the quest for the
                  | Orb.
     0 | D:1      | Reached XP level 1. HP: 19/19 MP: 0/0
   108 | D:1      | Reached XP level 2. HP: 25/27 MP: 1/1
   578 | D:2      | Reached XP level 3. HP: 25/33 MP: 2/2
   720 | D:2      | Reached ** piety under Trog
   744 | D:2      | Identified the ring "Pajoher" {EV+4 Str+4}
  1523 | D:3      | Reached XP level 4. HP: 12/41 MP: 3/3
  1700 | D:3      | Found a sparkling altar of Nemelex Xobeh.
  1978 | D:3      | Reached XP level 5. HP: 47/47 MP: 4/4
  1989 | D:3      | Found a white marble altar of Elyvilon.
  2169 | D:4      | Noticed a phantom
  2172 | D:4      | Killed a phantom
  2216 | D:4      | Reached skill level 5 in Fighting
  2216 | D:4      | Reached skill level 5 in Axes
  2216 | D:4      | Reached XP level 6. HP: 54/56 MP: 5/5
  2531 | D:4      | Reached *** piety under Trog
  2745 | D:4      | Identified the +4 long sword of Nuak {freeze, Fragile
                  | Will++ rCorr MP+9}
  2793 | D:4      | Found an opulent altar of Gozag.
  2926 | D:4      | Reached skill level 5 in Armour
  2926 | D:4      | Reached XP level 7. HP: 46/62 MP: 6/6
  3470 | D:5      | Entered Level 5 of the Dungeon
  3491 | D:5      | Reached skill level 5 in Dodging
  3727 | D:5      | Found a basalt altar of Yredelemnul.
  3788 | D:5      | Reached XP level 8. HP: 48/71 MP: 7/7
  4774 | D:6      | Found a shimmering altar of Xom.
  4774 | D:6      | Noticed Menkaure
  4783 | D:6      | Killed Menkaure
  5280 | D:6      | Found a staircase to the Ecumenical Temple.
  5352 | D:6      | Reached XP level 9. HP: 72/81 MP: 8/8
  5851 | D:7      | Reached **** piety under Trog
  6962 | D:7      | Found a glowing golden altar of the Shining One.
  7117 | D:7      | Found an ornate altar of the Wu Jian Council.
  7274 | D:8      | Identified a scroll of acquirement
  7274 | D:8      | Acquired a +1 vorpal broad axe
  7400 | D:8      | Found a staircase to the Lair.
  7450 | D:8      | Reached XP level 10. HP: 53/91 MP: 9/9
  7461 | D:8      | Found a sand-covered staircase.
  7512 | Ossuary  | Entered an ossuary
  7536 | Ossuary  | Reached ***** piety under Trog
  7943 | D:8      | Found a bloodstained altar of Trog.
  7945 | D:8      | Noticed a wizard
  7956 | D:8      | Found a hide-covered altar of Uskayaw.
  8046 | D:8      | Paralysed by a hornet for 2 turns
  8050 | D:8      | Found Keur's Weapon Shoppe.
  8575 | D:8      | Killed a wizard
  8841 | D:9      | Reached skill level 10 in Axes
  8842 | D:9      | Reached skill level 10 in Fighting
  9122 | D:9      | Noticed Joseph
  9131 | D:9      | Killed Joseph
  9441 | D:9      | Found an ancient bone altar of Kikubaaqudgha.
  9441 | D:9      | Found a shimmering blue altar of Sif Muna.
  9443 | D:9      | Found a radiant altar of Vehumet.
  9792 | D:9      | Found a glowing silver altar of Zin.
  9979 | D:9      | Reached skill level 10 in Armour
  9983 | D:9      | Reached skill level 1 in Shields
 10823 | D:10     | Entered Level 10 of the Dungeon
 11044 | D:10     | Noticed a two-headed ogre
 11047 | D:10     | Reached XP level 11. HP: 101/101 MP: 10/10
 11094 | D:10     | Killed a two-headed ogre
 11934 | D:11     | Found a staircase to the Orcish Mines.
 12198 | D:11     | Noticed a two-headed ogre
 12207 | D:11     | Killed a two-headed ogre
 12208 | D:11     | Reached skill level 10 in Dodging
 12282 | D:11     | Found a sacrificial altar of Ru.
 12320 | D:11     | Found a shimmering altar of Xom.
 12320 | D:11     | Found an ornate altar of the Wu Jian Council.
 12633 | D:11     | Found a broken altar of Ashenzari.
 12633 | D:11     | Found a radiant altar of Vehumet.
 12633 | D:11     | Found a white marble altar of Elyvilon.
 13355 | D:12     | Reached skill level 5 in Shields
 13951 | D:12     | You fall into a shaft and drop 3 floors!
 13951 | D:15     | Entered Level 15 of the Dungeon
 14038 | D:15     | Noticed a deep troll
 14046 | D:15     | Killed a deep troll
 14221 | D:15     | Noticed a red ugly thing
 14221 | D:15     | Noticed a red ugly thing
 14221 | D:15     | Noticed a red ugly thing
 14221 | D:15     | Noticed a red ugly thing
 14231 | D:15     | Killed a red ugly thing
 14235 | D:15     | Killed a green ugly thing
 14240 | D:15     | Killed a cyan ugly thing
 14250 | D:15     | Killed a red ugly thing
 14251 | D:15     | Reached XP level 12. HP: 55/112 MP: 11/11
 14711 | D:13     | Noticed Kirke
 14726 | D:13     | Noticed a sphinx
 14731 | D:13     | Killed Kirke
 15223 | Lair:1   | Entered Level 1 of the Lair of Beasts
 15276 | Lair:1   | Received a gift from Trog
 15319 | Lair:1   | Found an ornate altar of the Wu Jian Council.
 15321 | Lair:1   | Noticed a boulder beetle
 15322 | Lair:1   | Found a hide-covered altar of Uskayaw.
 15606 | Lair:1   | Killed a boulder beetle
 15832 | Lair:1   | Identified the +9 whip of Thoughtfulness {freeze, Fragile
                  | rF+ rC+ Will+}
 17515 | Lair:3   | Noticed Urug
 17534 | Lair:3   | Killed Urug
 18230 | Lair:3   | Found a staircase to the Swamp.
 18426 | Lair:3   | Found a hole to the Spider Nest.
 18708 | Lair:4   | Reached XP level 13. HP: 122/122 MP: 12/12
 19398 | Lair:4   | Found a blossoming altar of Fedhas.
 20008 | Lair:5   | Entered Level 5 of the Lair of Beasts
 20331 | Lair:5   | Noticed Sonja
 20335 | Lair:5   | Killed Sonja
 20339 | Lair:5   | Received a gift from Trog
 20540 | Lair:5   | Found a viscous altar of Jiyva.
 20540 | Lair:5   | Found a staircase to the Slime Pits.
 20977 | Lair:5   | Found a shadowy altar of Dithmenos.
 21019 | Lair:5   | Reached skill level 10 in Shields
 21452 | Lair:5   | Noticed a fire dragon
 21683 | Lair:5   | Killed a fire dragon
 21683 | Lair:5   | HP: 8/186 [swamp dragon] (8)]
 21683 | Lair:5   | Succumbed to a swamp dragon's poison gas

Illustrated notes

Levels and vault maps discovered:
D:1:      dpeg_arrival_pits, layout_rooms, kennysheep_doodads
D:2:      layout_basic, minmay_misc_feat_chi
D:3:      layout_rooms, nemelex_spade_bored_becter, mainiacjoe_overflow_24_doors
D:4:      minmay_chambers_of_fours, layout_basic, grunt_gozag_breadcrumbs
D:5:      layout_basic, mainiacjoe_overflow_catwalk
D:6:      layout_loops_corners, lemuel_coloured_pillars_altar,
          minmay_temple_entry_gardened_gates, uniq_menkaure
D:7:      minmay_clustersquares, layout_basic, nzn_wu_jian_contemplation,
          tso_oasis_becter
D:8:      layout_basic, mainiacjoe_overflow_cross_hatched, trog_wizard,
          lair_entry_dummy, serial_shops, shop,
          lightli_ossuary_entry_decrepit_ruins
D:9:      layout_grid_maze, grunt_temple_overflow_magic_moments,
          zin_scriptorium, uniq_joseph
D:10:     layout_gridville
D:11:     layout_grid_maze, hiddenorc1_lemuel, doesnt_xom_only_xom
D:12:     layout_small_grid
D:13:     layout_basic, nicolae_trove_entry_diagonal, uniq_kirke
D:14:     layout_basic, david_vaults_1, hangedman_abyss_or_decor_clamps
D:15:     grunt_enter_depths_magical_seal, layout_basic, grunt_dithmenos_shadows
Lair:1:   layout_regular_city, nzn_masters_of_martial_movement,
          serial_bayou_shore_b
Lair:2:   layout_concentric_octagons, chequers_serial_rivers_small_3,
          serial_bayou_shore_a
Lair:3:   layout_chaotic_city, swamp_mist, hellmonk_spider_entry_not_the_bees,
          grunt_megastairs_2, uniq_urug
Lair:4:   layout_regular_city, tgw_fedhas, lemuel_fruit_tree
Lair:5:   wormcave, layout_cave_pods, guppyfry_lair_end_dragon, slime_entry_1,
          basic_altar, uniq_sonja

Skill      XL: |  1  2  3  4  5  6  7  8  9 10 11 12 13 |
---------------+----------------------------------------+-----
Axes           | 4 5 6 7 9 10 12 13 14 | 14.3
Fighting       | 4 5 6 7 9 10 12 13 14 | 14.3
Armour         | 3 4 5 6 7 9 10 11 12 14 | 14.0
Dodging        | 3 4 5 6 8 9 10 11 12 | 12.9
Shields        | 2 6 8 10 | 10.0

Action                   |  1- 3 |  4- 6 |  7- 9 | 10-12 | 13-15 || total
-------------------------+-------+-------+-------+-------+-------++-------
Melee: Hand axe          |    75 |    81 |   256 |   572 |       ||   984
       Headbutt          |    11 |    15 |    53 |   168 |    68 ||   315
       Punch             |     1 |     2 |     4 |       |       ||     7
       Broad axe         |       |       |       |   139 |   266 ||   405
Invok: Berserk           |       |       |     4 |    15 |     3 ||    22
       Trog's Hand       |       |       |     1 |     6 |     1 ||     8
  Use: Scroll            |       |       |    13 |    16 |     2 ||    31
 Stab: Sleeping          |     2 |     1 |       |       |       ||     3
Armor: Animal skin       |     8 |     7 |     2 |       |       ||    17
       Ring mail         |       |       |    50 |    19 |       ||    69
       Plate armour      |       |       |       |   271 |   143 ||   414
Dodge: Dodged            |    49 |    72 |   221 |   395 |   203 ||   940
Block: Kite shield       |       |       |       |   202 |   153 ||   355

Table legend: (Time is in decaauts)
 A = Elapsed time spent in this place.
 B = Non-inter-level travel time spent in this place.
 C = Inter-level travel time spent in this place.
 D = Time resting spent in this place.
 E = Time spent auto-exploring this place.
 F = Levels seen in this place.
 G = Mean time per level.
                   A        B        C        D        E       F      G
               +--------+--------+--------+--------+--------+-----+--------+
         Total |  21868 |  20792 |   1076 |   4042 |  13295 |  21 | 1041.3 |
       Dungeon |  14982 |  14025 |    957 |   2523 |   9174 |  15 |  998.8 |
          Lair |   6585 |   6466 |    119 |   1519 |   3957 |   5 | 1317.0 |
       Ossuary |    301 |    301 |      0 |      0 |    164 |   1 |  301.0 |
               +--------+--------+--------+--------+--------+-----+--------+

Top non-repeatable levels by time:
     D:9: 2093 daAuts
     D:7: 1775 daAuts
  Lair:5: 1710 daAuts
     D:6: 1429 daAuts
  Lair:4: 1410 daAuts
    D:11: 1384 daAuts
  Lair:2: 1315 daAuts
     D:4: 1308 daAuts
    D:12: 1206 daAuts
  Lair:3: 1129 daAuts
  Lair:1: 1019 daAuts
    D:10: 980 daAuts
     D:5: 934 daAuts
     D:2: 908 daAuts
     D:8: 892 daAuts
